 Dungeon Crawl Stone Soup version 0.30.0-10-gfe55d96785 (webtiles) character file.

Game seed: 15912265709455593090

11804 qw the Cleaver (level 11, -7/71 HPs)
             Began as a Gargoyle Cinder Acolyte on May 17, 2023.
             Was a Follower of Ignis.
             Killed by the air
             ... invoked by Gastronok
              (39 damage)
             ... on level 2 of the Lair of Beasts.
             The game lasted 00:05:36 (11204 turns).

qw the Cleaver (Gargoyle Cinder Acolyte)           Turns: 11204, Time: 00:05:36

Health: -7/71      AC: 34    Str: 21    XL:     11   Next: 83%
Magic:  12/12      EV:  6    Int: 16    God:    Ignis [*.....]
Gold:   393        SH:  4    Dex:  5    Spells: 12/12 levels left

rFire   + . .        Y - +0 war axe
rCold   + . .        p - +0 buckler
rNeg    + . .        o - +0 plate armour
rPois   inf          d - +2 helmet {SInv}
rElec   +            n - +0 cloak
rCorr   .            (no gloves)
SInv    +            (no boots)
Will    .....        (no amulet) Stlth
                     b - ring of protection from fire
HPRegen 0.31/turn    f - ring "Winesiuh" {Ice Slay+5 SInv}
MPRegen 0.13/turn

%: no passive effects
@: fiery-armoured
A: sickness immunity, AC +8, negative energy resistance 1, electricity
resistance, torment resistance 1, petrification resistance
a: Renounce Religion, Fiery Armour, Foxfire Swarm, Rising Flame


You were on level 2 of the Lair of Beasts.
You worshipped Ignis.
Ignis was aware of your devotion.
You visited 2 branches of the dungeon, and saw 10 of its levels.

You collected 779 gold pieces.
You spent 386 gold pieces at shops.


Innate Abilities, Weirdness & Mutations

You are immune to sickness and miasma.
Your stone body is resilient. (AC +8)
You are immune to poison.
You resist negative energy. (rN+)
You are resistant to electric shocks. (rElec)
You are resistant to unholy torment.
You are immune to petrification.


   Skills:
 + Level 9.2 Fighting
 - Level 12.0 Axes
 - Level 3.0 Throwing
 - Level 9.2 Armour
 - Level 1.7 Dodging
 - Level 6.0 Shields
 - Level 1.0 Spellcasting
 - Level 3.0 Fire Magic


You had 12 spell levels left.
You didn't know any spells.
Your spell library contained the following spells:

 Spells                   Type           Power      Damage    Failure   Level
 Scorch                   Fire           20%        2d6       89%         2

Inventory:

Hand Weapons
 u - a +0 demon whip of venom
 Y - a +0 war axe (weapon)
Missiles
 l - 3 javelins (quivered)
 t - 2 boomerangs
Armour
 d - a +2 helmet of see invisible (worn)
 k - a scarf of shadows
 n - a +0 cloak (worn)
 o - a +0 plate armour (worn)
 p - a +0 buckler (worn)
Jewellery
 b - a ring of protection from fire (left hand)
 e - a +6 ring of dexterity
 f - the ring "Winesiuh" (right hand) {Ice Slay+5 SInv}
   (You found it on level 5 of the Dungeon)

   [ring of ice]

   It enhances your ice magic.
   Slay:      It affects your accuracy & damage with ranged weapons and melee
   (+5).
   rF:        It makes you vulnerable to fire.
   rC:        It protects you from cold.
   SInv:      It lets you see invisible.
 r - a ring of resist corrosion
 s - the ring "Atai" {rF+ MP+9}
   (You found it on level 7 of the Dungeon)

   [ring of magical power]

   rF:        It protects you from fire.
   MP:        It affects your magic capacity (+9).
Wands
 j - a wand of digging (4)
Scrolls
 c - 9 scrolls of teleportation
 h - 8 scrolls of identify
Potions
 a - 2 potions of resistance
 g - 6 potions of heal wounds
 i - 6 potions of curing
 m - a potion of cancellation
 q - a potion of might

Dungeon Overview and Level Annotations

Branches:
Dungeon (8/15)             Temple (0/1) D:7            Lair (2/5) D:8
  Snake (0/4) Lair:2
  Swamp: Lair:2-3    Shoals: Lair:2-3

Altars:
Dithmenos
Fedhas
Gozag
Hepliaklqana
Kikubaaqudgha
Makhleb
Nemelex Xobeh
Qazlal
Sif Muna
Trog
Vehumet
Wu Jian
Xom
Zin
The Shining One

Shops:
D:7 *

Annotations:
D:7 1 runed translucent door, Crazy Yiuf
Lair:2 Gastronok


Message History

You kill the quokka!
The quokka's corpse disappears in a puff of smoke!
The javelin pierces through the river rat!
You kill the river rat!
The river rat's corpse disappears in a puff of smoke!
You throw a javelin. The javelin pierces through the rat!
You kill the rat!
The rat's corpse disappears in a puff of smoke!
You hit Gastronok.
Gastronok is moderately wounded.
You hit Gastronok.
Gastronok is moderately wounded.
You hit Gastronok.
Gastronok is moderately wounded.
Gastronok bites you but does no damage.
You slash Gastronok!
Gastronok is heavily wounded.
You slash Gastronok!
Gastronok is heavily wounded.
Gastronok is buffeted by a sudden breeze.
Gastronok bites you!
You slash Gastronok!
Gastronok is heavily wounded.
You slash Gastronok!
Gastronok is heavily wounded.
Gastronok waves his eye-stalks in wide circles.
The air twists around and strikes you!
11201 ||| INVOKING Fiery Armour.
A protective cloak of flame settles atop you.
You slash Gastronok!
Gastronok is severely wounded.
You wobble.
You slice Gastronok!!
Gastronok is severely wounded.
You slice Gastronok!!
Gastronok is almost dead.
Gastronok waves his eye-stalks in wide circles.
The air twists around and strikes you!!!
Ouch! That really hurt!
You die...

#..##
###.........#.....#..
##.
###....#####....#..##..
#
#...#(#...(.......#...#
#...(.............#...P
##......8...8......#.###
....#..!..>.....#..+..#.
##..#...8...8...#..#####
#.....w.......##..# #.
#....@#...##.....## ##
##..[.#.##.....##.#
#.#...........##(## #
##.......#.###.%###
####.###.## #.....
#...P. ##.#.# #P....
##### .P#.....#.####
###P..>...!..[


You could see Gastronok.

Vanquished Creatures
  Nergalle (Lair:2)
  Amaemon (Lair:2)
  Pikel (D:7)
  An orange demon (Lair:2)
  A cane toad (Lair:2)
  4 komodo dragons
  Maggie (D:7)
  A polar bear (Lair:1)
  7 blink frogs
  Grinder (D:4)
  Sigmund (D:3)
  14 yaks
  2 basilisks
  A wyvern (D:8)
  2 steam dragons (D:7)
  A naga (Lair:2)
  3 water moccasins
  Duvessa (D:7)
  3 orc warriors (D:8)
  An ice beast (D:7)
  A sky beast (D:7)
  6 wolves (Lair:2)
  2 ogres
  A phantom (D:5)
  A lemure (D:7)
  A kobold brigand (D:8)
  2 bullfrogs
  3 necrophages (D:7)
  2 gnoll sergeants (D:8)
  3 scorpions
  Dowan (D:7)
  3 wights (D:7)
  A howler monkey (D:6)
  A crimson imp (D:6)
  A centaur zombie (D:7)
  A hound (D:5)
  3 jellies
  3 orc priests
  2 gnoll boudas
  A human zombie (D:7)
  4 iguanas
  Terence (D:3)
  Natasha (D:2)
  6 orc wizards
  A killer bee zombie (D:7)
  2 mummies (D:7)
  Robin (D:2)
  A howler monkey zombie (D:7)
  21 gnolls
  14 adders
  A shadow imp (D:7)
  A white imp (D:5)
  2 ufetubi
  2 dart slugs
  40 orcs
  8 ball pythons
  5 endoplasms
  5 giant cockroaches
  15 goblins
  7 hobgoblins
  9 jackals (D:2)
  5 quokkas
  6 bats
  3 frilled lizards
  11 kobolds
  6 rats
  A spectral hobgoblin (D:3)
  A butterfly (Lair:1)
267 creatures vanquished.

Vanquished Creatures (others)
  An angel (D:3)
1 creature vanquished.

Grand Total: 268 creatures vanquished

Notes
Turn   | Place    | Note
-------+----------+-------------------------------------------
     0 | D:1      | qw the Gargoyle Cinder Acolyte began the quest for the Orb.
     0 | D:1      | Reached XP level 1. HP: 14/14 MP: 2/2
     0 | D:1      | 0 ||| qw: Version: 0.2-a-95-g4c1bab1
     0 | D:1      | 0 ||| qw: Game counter: 103
     0 | D:1      | 0 ||| qw: Always use a shield: true
     0 | D:1      | 0 ||| qw: God list: Okawaru
     0 | D:1      | 0 ||| qw: Allow faded altars: false
     0 | D:1      | 0 ||| qw: Do Orc after D:15 true
     0 | D:1      | 0 ||| qw: Do second Lair branch before Depths: true
     0 | D:1      | 0 ||| qw: Lair rune preference: random
     0 | D:1      | 0 ||| qw: Plans: Normal
     0 | D:1      | 0 ||| PLANNING D:1-11
    17 | D:1      | 17 ||| Stepping ~*~*~tactically~*~*~ (stealth).
    94 | D:1      | Reached skill level 3 in Axes
   102 | D:1      | 102 ||| Stepping ~*~*~tactically~*~*~ (stealth).
   118 | D:1      | 118 ||| Stepping ~*~*~tactically~*~*~ (stealth).
   126 | D:1      | Reached XP level 2. HP: 19/19 MP: 3/3
   733 | D:1      | 733 ||| UPGRADING to +0 chain mail.
   743 | D:1      | 743 ||| DROPPING +0 robe.
   744 | D:1      | 744 ||| READING scroll labelled ZEDURPH VATAIFA.
   745 | D:1      | 745 ||| READING scroll labelled ZACROGIAMA.
   748 | D:1      | 748 ||| READING scroll labelled MIUCOFR GATEGRAXT.
   749 | D:1      | 749 ||| READING scroll labelled RUAVIRGH DIMUIN.
   750 | D:1      | 750 ||| DRINKING 2 ruby potions.
   837 | D:2      | Reached XP level 3. HP: 23/23 MP: 4/4
   854 | D:2      | Reached skill level 1 in Armour
   897 | D:2      | 897 ||| Stepping ~*~*~tactically~*~*~ (stealth).
   899 | D:2      | 899 ||| Stepping ~*~*~tactically~*~*~ (hiding).
   900 | D:2      | 900 ||| Stepping ~*~*~tactically~*~*~ (hiding).
  1018 | D:2      | Reached skill level 4 in Axes
  1086 | D:2      | Reached XP level 4. HP: 28/28 MP: 5/5
  1165 | D:2      | 1165 ||| Stepping ~*~*~tactically~*~*~ (hiding).
  1166 | D:2      | 1166 ||| Stepping ~*~*~tactically~*~*~ (stealth).
  1167 | D:2      | 1167 ||| Stepping ~*~*~tactically~*~*~ (hiding).
  1168 | D:2      | 1168 ||| Stepping ~*~*~tactically~*~*~ (stealth).
  1457 | D:2      | 1457 ||| UPGRADING to ring of protection from fire.
  1458 | D:2      | 1458 ||| READING scroll labelled WANLEA URIBOTT.
  1459 | D:2      | 1459 ||| READING 2 scrolls labelled QIMPUI VOFFE.
  1460 | D:2      | 1460 ||| READING 2 scrolls labelled QIUXEXZ FUUPI.
  1461 | D:2      | 1461 ||| READING 4 scrolls labelled YTACHUEKICW.
  1462 | D:2      | 1462 ||| READING scroll labelled HEDUEPPEAZI.
  1463 | D:2      | 1463 ||| DRINKING 4 pink potions.
  1464 | D:2      | 1464 ||| READING 3 scrolls of identify.
  1464 | D:2      | 1464 ||| IDENTIFYING black potion
  1465 | D:2      | 1465 ||| DROPPING scroll of noise.
  1466 | D:2      | 1466 ||| DROPPING potion of brilliance.
  1467 | D:2      | 1467 ||| DROPPING scroll of vulnerability.
  1478 | D:3      | Noticed Robin
  1479 | D:3      | 1479 ||| INVOKING Fiery Armour.
  1479 | D:3      | Noticed Natasha
  1480 | D:3      | 1480 ||| STAIRDANCE
  1499 | D:3      | 1499 ||| STAIRDANCE
  1501 | D:2      | Killed Robin
  1521 | D:2      | 1521 ||| UPGRADING to +2 helmet of see invisible.
  1534 | D:3      | 1534 ||| STAIRDANCE
  1537 | D:2      | Killed Natasha
  1538 | D:2      | Reached XP level 5. HP: 29/32 MP: 6/6
  1550 | D:3      | Noticed a water elemental
  1552 | D:3      | Found a stormy altar of Qazlal.
  1575 | D:3      | Noticed a fire elemental
  1576 | D:3      | Noticed an air elemental
  1624 | D:3      | 1624 ||| DROPPING +0 club.
  1707 | D:3      | 1707 ||| Stepping ~*~*~tactically~*~*~ (stealth).
  1775 | D:3      | Found a shimmering altar of Xom.
  1775 | D:3      | Found a glowing silver altar of Zin.
  1775 | D:3      | Noticed an angel
  1794 | D:3      | Reached skill level 5 in Axes
  1815 | D:3      | 1815 ||| DROPPING +0 whip.
  1818 | D:3      | 1818 ||| DROPPING +0 flail.
  1884 | D:3      | Noticed Terence
  1894 | D:3      | Killed Terence
  1941 | D:3      | Killed an angel
  2019 | D:3      | 2019 ||| Stepping ~*~*~tactically~*~*~ (hiding).
  2020 | D:3      | 2020 ||| Stepping ~*~*~tactically~*~*~ (hiding).
  2023 | D:3      | 2023 ||| Stepping ~*~*~tactically~*~*~ (hiding).
  2028 | D:3      | 2028 ||| INVOKING Fiery Armour.
  2034 | D:3      | Reached XP level 6. HP: 27/38 MP: 7/7
  2376 | D:3      | Found a blossoming altar of Fedhas.
  2450 | D:3      | Found a hazy altar of Hepliaklqana.
  2450 | D:3      | Noticed Sigmund
  2451 | D:3      | 2451 ||| Stepping ~*~*~tactically~*~*~ (hiding).
  2453 | D:3      | 2453 ||| Stepping ~*~*~tactically~*~*~ (hiding).
  2468 | D:3      | Killed Sigmund
  2469 | D:3      | Reached skill level 6 in Axes
  2469 | D:3      | Reached XP level 7. HP: 27/43 MP: 8/8
  2494 | D:3      | 2494 ||| Stepping ~*~*~tactically~*~*~ (stealth).
  2504 | D:3      | 2504 ||| Stepping ~*~*~tactically~*~*~ (stealth).
  2505 | D:3      | 2505 ||| Stepping ~*~*~tactically~*~*~ (stealth).
  2675 | D:3      | 2675 ||| READING scroll labelled ZIAXUZX QYNOI.
  2676 | D:3      | 2676 ||| DRINKING 3 grey potions.
  2677 | D:3      | 2677 ||| DROPPING 2 potions of degeneration.
  2710 | D:4      | 2710 ||| PLANNING SEWER
  3083 | D:4      | 3083 ||| DRINKING 6 potions of curing.
  3083 | D:4      | 3083 ||| (to cure confusion)
  3090 | D:4      | 3090 ||| INVOKING Fiery Armour.
  3093 | D:4      | Reached skill level 3 in Armour
  3331 | D:4      | 3331 ||| Stepping ~*~*~tactically~*~*~ (stealth).
  3341 | D:4      | 3341 ||| Stepping ~*~*~tactically~*~*~ (stealth).
  3342 | D:4      | 3342 ||| Stepping ~*~*~tactically~*~*~ (stealth).
  3344 | D:4      | 3344 ||| Stepping ~*~*~tactically~*~*~ (stealth).
  3347 | D:4      | 3347 ||| Stepping ~*~*~tactically~*~*~ (stealth).
  3347 | D:4      | 3347 ||| RIP SEWER
  3348 | D:4      | 3348 ||| PLANNING D:1-11
  3348 | D:4      | 3348 ||| Stepping ~*~*~tactically~*~*~ (stealth).
  3350 | D:4      | 3350 ||| Stepping ~*~*~tactically~*~*~ (stealth).
  3351 | D:4      | 3351 ||| Stepping ~*~*~tactically~*~*~ (stealth).
  3353 | D:4      | Noticed Grinder
  3354 | D:4      | 3354 ||| Stepping ~*~*~tactically~*~*~ (stealth).
  3355 | D:4      | 3355 ||| Stepping ~*~*~tactically~*~*~ (hiding).
  3356 | D:4      | 3356 ||| Stepping ~*~*~tactically~*~*~ (hiding).
  3363 | D:4      | Paralysed by Grinder for 4 turns
  3374 | D:4      | Killed Grinder
  3375 | D:4      | Reached skill level 7 in Axes
  3560 | D:4      | 3560 ||| Stepping ~*~*~tactically~*~*~ (stealth).
  3786 | D:4      | 3786 ||| DROPPING +1 hat.
  3787 | D:4      | 3787 ||| DROPPING +2 hat.
  3788 | D:4      | 3788 ||| DROPPING +6 ring of intelligence.
  3789 | D:4      | 3789 ||| READING scroll labelled KYROCO VEWEE.
  3841 | D:5      | Entered Level 5 of the Dungeon
  3875 | D:5      | 3875 ||| Stepping ~*~*~tactically~*~*~ (stealth).
  3880 | D:5      | 3880 ||| Stepping ~*~*~tactically~*~*~ (hiding).
  3882 | D:5      | 3882 ||| Stepping ~*~*~tactically~*~*~ (hiding).
  3888 | D:5      | 3888 ||| DRINKING 5 potions of curing.
  3888 | D:5      | 3888 ||| (to cure confusion)
  3893 | D:5      | Reached XP level 8. HP: 46/48 MP: 9/9
  3902 | D:5      | 3902 ||| SWAPPING to +0 war axe.
  3903 | D:5      | 3903 ||| DROPPING -1 hand axe of venom.
  3942 | D:5      | Identified the ring "Winesiuh" {Ice Slay+5 SInv}
  4108 | D:5      | 4108 ||| DROPPING +2 flail of protection.
  4144 | D:5      | Found a shimmering blue altar of Sif Muna.
  4159 | D:5      | 4159 ||| Stepping ~*~*~tactically~*~*~ (stealth).
  4342 | D:5      | Found a bloodstained altar of Trog.
  4376 | D:5      | Reached skill level 8 in Axes
  4774 | D:5      | 4774 ||| UPGRADING to ring "Winesiuh" {Ice Slay+5 SInv}.
  4775 | D:5      | 4775 ||| READING 6 scrolls of identify.
  4775 | D:5      | 4775 ||| IDENTIFYING inky potion
  4776 | D:5      | 4776 ||| DROPPING potion of ambrosia.
  4848 | D:6      | Reached skill level 6 in Fighting
  4854 | D:6      | 4854 ||| INVOKING Fiery Armour.
  5542 | D:6      | Found a radiant altar of Vehumet.
  5542 | D:6      | Found a burning altar of Makhleb.
  5954 | D:6      | 5954 ||| Stepping ~*~*~tactically~*~*~ (stealth).
  6199 | D:6      | 6199 ||| READING 2 scrolls labelled XUZOH NAMYAGH.
  6200 | D:6      | 6200 ||| DRINKING 2 golden potions.
  6201 | D:6      | 6201 ||| READING 6 scrolls of identify.
  6201 | D:6      | 6201 ||| IDENTIFYING dark potion
  6202 | D:6      | 6202 ||| DROPPING scroll of immolation.
  6203 | D:6      | 6203 ||| DROPPING potion of magic.
  6259 | D:7      | Found a glowing golden altar of the Shining One.
  6259 | D:7      | Noticed Pikel
  6277 | D:7      | Killed Pikel
  6278 | D:7      | Reached skill level 9 in Axes
  6278 | D:7      | Reached XP level 9. HP: 48/55 MP: 10/10
  6505 | D:7      | 6505 ||| Stepping ~*~*~tactically~*~*~ (stealth).
  6512 | D:7      | 6512 ||| INVOKING Fiery Armour.
  6514 | D:7      | 6514 ||| Stepping ~*~*~tactically~*~*~ (hiding).
  6541 | D:7      | 6541 ||| Stepping ~*~*~tactically~*~*~ (hiding).
  6653 | D:7      | Reached skill level 10 in Axes
  6740 | D:7      | Found Awanuat's Assorted Antiques.
  6745 | D:7      | 6745 ||| BUYING cloak (90 gold).
  6745 | D:7      | Bought a cloak for 90 gold pieces
  6745 | D:7      | 6745 ||| BUYING fizzy ruby potion (18 gold).
  6745 | D:7      | Bought a fizzy ruby potion for 18 gold pieces
  6745 | D:7      | 6745 ||| BUYING glowing amethyst potion (18 gold).
  6745 | D:7      | Bought a glowing amethyst potion for 18 gold pieces
  6745 | D:7      | 6745 ||| BUYING potion of might (80 gold).
  6745 | D:7      | Bought a potion of might for 80 gold pieces
  6745 | D:7      | 6745 ||| BUYING runed hat (140 gold).
  6745 | D:7      | Bought a runed hat for 140 gold pieces
  6745 | D:7      | 6745 ||| BUYING scroll of identify (40 gold).
  6745 | D:7      | Bought a scroll of identify for 40 gold pieces
  6756 | D:7      | Found a staircase to the Ecumenical Temple.
  6758 | D:7      | 6758 ||| Stepping ~*~*~tactically~*~*~ (stealth).
  6770 | D:7      | Noticed Duvessa
  6776 | D:7      | Killed Duvessa
  6777 | D:7      | Reached skill level 1 in Dodging
  6778 | D:7      | Noticed Dowan
  6779 | D:7      | 6779 ||| Stepping ~*~*~tactically~*~*~ (stealth).
  6782 | D:7      | Killed Dowan
  6818 | D:7      | Noticed Maggie
  6819 | D:7      | 6819 ||| Stepping ~*~*~tactically~*~*~ (stealth).
  6820 | D:7      | 6820 ||| Stepping ~*~*~tactically~*~*~ (stealth).
  6821 | D:7      | 6821 ||| Stepping ~*~*~tactically~*~*~ (stealth).
  6823 | D:7      | 6823 ||| Stepping ~*~*~tactically~*~*~ (hiding).
  6831 | D:7      | Killed Maggie
  6879 | D:7      | Identified the ring "Atai" {rF+ MP+9}
  6885 | D:7      | 6885 ||| Stepping ~*~*~tactically~*~*~ (hiding).
  6886 | D:7      | 6886 ||| Stepping ~*~*~tactically~*~*~ (hiding).
  6930 | D:7      | Found an ornate altar of the Wu Jian Council.
  7079 | D:7      | Found a shadowy altar of Dithmenos.
  7106 | D:7      | Found a runed translucent door.
  7107 | D:7      | Noticed Crazy Yiuf
  7263 | D:7      | Reached XP level 10. HP: 64/64 MP: 11/11
  7295 | D:7      | Found an ancient bone altar of Kikubaaqudgha.
  7487 | D:7      | 7487 ||| UPGRADING to +0 cloak.
  7492 | D:7      | 7492 ||| DROPPING +1 hat.
  7493 | D:7      | 7493 ||| READING scroll labelled KAK IGUTAWI.
  7494 | D:7      | 7494 ||| READING scroll labelled EPPIEM ANTUECA.
  7495 | D:7      | 7495 ||| READING 7 scrolls of identify.
  7495 | D:7      | 7495 ||| IDENTIFYING viscous blue potion
  7496 | D:7      | 7496 ||| READING 6 scrolls of identify.
  7496 | D:7      | 7496 ||| IDENTIFYING fizzy ruby potion
  7497 | D:7      | 7497 ||| READING 5 scrolls of identify.
  7497 | D:7      | 7497 ||| IDENTIFYING glowing amethyst potion
  7498 | D:7      | 7498 ||| DROPPING potion of berserk rage.
  7499 | D:7      | 7499 ||| DROPPING potion of lignification.
  7529 | D:8      | Found a sparkling altar of Nemelex Xobeh.
  7547 | D:8      | Reached skill level 6 in Armour
  7641 | D:8      | 7641 ||| Stepping ~*~*~tactically~*~*~ (stealth).
  8066 | D:8      | 8066 ||| Stepping ~*~*~tactically~*~*~ (hiding).
  8091 | D:8      | 8091 ||| Stepping ~*~*~tactically~*~*~ (hiding).
  8092 | D:8      | 8092 ||| Stepping ~*~*~tactically~*~*~ (hiding).
  8133 | D:8      | 8133 ||| INVOKING Fiery Armour.
  8137 | D:8      | 8137 ||| Stepping ~*~*~tactically~*~*~ (hiding).
  8140 | D:8      | 8140 ||| Stepping ~*~*~tactically~*~*~ (hiding).
  8141 | D:8      | 8141 ||| Stepping ~*~*~tactically~*~*~ (hiding).
  8143 | D:8      | 8143 ||| Stepping ~*~*~tactically~*~*~ (hiding).
  8151 | D:8      | 8151 ||| Stepping ~*~*~tactically~*~*~ (stealth).
  8163 | D:8      | 8163 ||| Stepping ~*~*~tactically~*~*~ (stealth).
  8175 | D:8      | 8175 ||| Stepping ~*~*~tactically~*~*~ (stealth).
  8200 | D:8      | 8200 ||| Stepping ~*~*~tactically~*~*~ (stealth).
  8211 | D:8      | 8211 ||| Stepping ~*~*~tactically~*~*~ (stealth).
  8245 | D:8      | 8245 ||| Stepping ~*~*~tactically~*~*~ (stealth).
  8246 | D:8      | 8246 ||| Stepping ~*~*~tactically~*~*~ (stealth).
  8248 | D:8      | 8248 ||| Stepping ~*~*~tactically~*~*~ (stealth).
  8254 | D:8      | 8254 ||| Stepping ~*~*~tactically~*~*~ (hiding).
  8261 | D:8      | 8261 ||| INVOKING Fiery Armour.
  8270 | D:8      | Reached skill level 11 in Axes
  8329 | D:8      | 8329 ||| Stepping ~*~*~tactically~*~*~ (stealth).
  8420 | D:8      | Found an opulent altar of Gozag.
  8516 | D:8      | Found a staircase to the Lair.
  8537 | D:8      | 8537 ||| INVOKING Fiery Armour.
  9047 | D:8      | 9047 ||| PLANNING LAIR
  9047 | D:8      | 9047 ||| UPGRADING to +0 plate armour.
  9057 | D:8      | 9057 ||| DROPPING +0 chain mail.
  9058 | D:8      | 9058 ||| UPGRADING to +0 buckler.
  9063 | D:8      | 9063 ||| READING 6 scrolls of identify.
  9063 | D:8      | 9063 ||| IDENTIFYING viscous cyan potion
  9064 | D:8      | 9064 ||| DROPPING potion of attraction.
  9130 | Lair:1   | Entered Level 1 of the Lair of Beasts
  9288 | Lair:1   | 9288 ||| Stepping ~*~*~tactically~*~*~ (stealth).
  9290 | Lair:1   | 9290 ||| INVOKING Fiery Armour.
  9299 | Lair:1   | Reached skill level 3 in Shields
  9468 | Lair:1   | 9468 ||| Stepping ~*~*~tactically~*~*~ (stealth).
  9471 | Lair:1   | 9471 ||| Stepping ~*~*~tactically~*~*~ (stealth).
  9609 | Lair:1   | Reached skill level 1 in Throwing
  9609 | Lair:1   | Reached XP level 11. HP: 69/69 MP: 12/12
  9619 | Lair:1   | Reached skill level 3 in Throwing
  9727 | Lair:1   | 9727 ||| Stepping ~*~*~tactically~*~*~ (hiding).
 10060 | Lair:2   | 10060 ||| Stepping ~*~*~tactically~*~*~ (stealth).
 10062 | Lair:2   | 10062 ||| Stepping ~*~*~tactically~*~*~ (stealth).
 10072 | Lair:2   | 10072 ||| INVOKING Fiery Armour.
 10081 | Lair:2   | Reached skill level 9 in Fighting
 10318 | Lair:2   | Noticed Nergalle
 10323 | Lair:2   | 10323 ||| INVOKING Fiery Armour.
 10337 | Lair:2   | Killed Nergalle
 10343 | Lair:2   | Reached skill level 12 in Axes
 10495 | Lair:2   | 10495 ||| Stepping ~*~*~tactically~*~*~ (stealth).
 10503 | Lair:2   | Reached skill level 6 in Shields
 10718 | Lair:2   | Noticed Amaemon
 10731 | Lair:2   | Killed Amaemon
 10740 | Lair:2   | Reached skill level 9 in Armour
 10833 | Lair:2   | 10833 ||| DROPPING +1 morningstar of freezing.
 10973 | Lair:2   | Found a staircase to the Snake Pit.
 10974 | Lair:2   | 10974 ||| Stepping ~*~*~tactically~*~*~ (hiding).
 10976 | Lair:2   | 10976 ||| Stepping ~*~*~tactically~*~*~ (hiding).
 10977 | Lair:2   | 10977 ||| Stepping ~*~*~tactically~*~*~ (hiding).
 11131 | Lair:2   | Noticed Gastronok
 11147 | Lair:2   | HP: 11/71 [Gastronok/the air (35)]
 11148 | Lair:2   | 11148 ||| READING 10 scrolls of teleportation.
 11149 | Lair:2   | 11149 ||| DRINKING 7 potions of heal wounds.
 11187 | Lair:2   | 11187 ||| Stepping ~*~*~tactically~*~*~ (hiding).
 11201 | Lair:2   | 11201 ||| INVOKING Fiery Armour.
 11204 | Lair:2   | Killed from afar by Gastronok

Levels and vault maps discovered:
D:1:      reono_arrival_mine, layout_loops_ring, minivault_19, st_stairs_13
D:2:      layout_basic, cheibrodos_gnoll_hut
D:3:      minmay_evil_eye, layout_basic, fedhas_altar_2,
          nicolae_qazlal_style_of_elements,
          nicolae_hepliaklqana_monster_ancestors,
          grunt_temple_overflow_order_and_chaos_1, uniq_sigmund, uniq_robin,
          uniq_terence, uniq_natasha
D:4:      layout_basic, portal_sewer_entry_d, st_stairs_13, minmay_quantized,
          uniq_grinder
D:5:      layout_gridville, nicolae_overflow_crystal_walls,
          kennysheep_little_box
D:6:      layout_layer_cave, grunt_temple_overflow_lords_of_destruction
D:7:      layout_loops_ring, lemuel_mausoleum_altar_kikubaaqudgha,
          mainiacjoe_overflow_six_doors_small,
          nicolae_dithmenos_through_a_glass_darkly,
          pdpol_wu_jian_five_deadly_venoms, minmay_temple_entry_mist,
          serial_shops, nicolae_shop_rolling_square, wad_rectangle_vault,
          uniq_maggie, uniq_duvessa, uniq_crazy_yiuf_cottage, uniq_pikel
D:8:      layout_basic, mainiacjoe_overflow_chevrons,
          nicolae_gozag_cash_rules_everything_around_me, david_lair_shrubbed,
          special_room [special_room_orc]
Lair:1:   layout_loops_ring, lemuel_fruit_fields
Lair:2:   dragon1_lemuel, layout_loops_ring, guppyfry_snake_entry_island,
          special_room [special_room_bee], columned_hall_lemuel,
          grunt_megastairs_2, serial_bayou_shore_a, uniq_gastronok,
          uniq_nergalle, uniq_amaemon

Skill      XL: |  1  2  3  4  5  6  7  8  9 10 11 |
---------------+----------------------------------+-----
Axes           | 3 4 5 6 7 9 10 11 12 | 12.0
Armour         | 1 2 3 4 5 7 9 |  9.2
Fighting       | 4 6 8 9 |  9.2
Dodging        | 1 |  1.7
Shields        | 5 6 |  6.0
Throwing       | 1 3 |  3.0
Spellcasting   | |  1.0
Fire Magic     | |  3.0

Action                     |  1- 3 |  4- 6 |  7- 9 | 10-12 || total
---------------------------+-------+-------+-------+-------++-------
  Melee: Hand axe          |   120 |   137 |   138 |       ||   395
         Punch             |     1 |     1 |     1 |     1 ||     4
         War axe           |       |       |   265 |   323 ||   588
  Throw: Javelin           |       |       |       |    16 ||    16
 Invoke: Fiery Armour      |       |     2 |     3 |     7 ||    12
    Use: Scroll            |     4 |     6 |     5 |     7 ||    22
         Potion            |     1 |     1 |     4 |     1 ||     7
 Armour: Robe              |    12 |       |       |       ||    12
         Chain mail        |    50 |    95 |   238 |    76 ||   459
         Skin              |       |       |     7 |       ||     7
         Plate armour      |       |       |       |   127 ||   127
  Dodge: Dodged            |    65 |    60 |   137 |    93 ||   355
  Block: Buckler           |       |       |       |    19 ||    19

Table legend:
 A = Non-vault XP
 B = Vault XP
 C = Vault XP percentage of total XP
 D = Non-vault monster count
 E = Vault monster count
 F = Vault count percentage of total count
                 A         B        C        D         E       F
            +---------+---------+-------+---------+---------+-------
      Total |    9475 |    7389 |  43.8 |     177 |      88 |  33.2
            +---------+---------+-------+---------+---------+-------
        D:1 |      29 |       2 |   6.5 |      19 |       1 |   5.0
        D:2 |      55 |      74 |  57.4 |      25 |       7 |  21.9
        D:3 |     202 |     292 |  59.1 |      24 |      16 |  40.0
        D:4 |     163 |     356 |  68.6 |      16 |       7 |  30.4
        D:5 |     578 |       0 |   0.0 |      20 |       0 |   0.0
        D:6 |     410 |      48 |  10.5 |      11 |       1 |   8.3
        D:7 |     741 |    2061 |  73.6 |      16 |      22 |  57.9
        D:8 |     684 |     889 |  56.5 |      17 |      21 |  55.3
     Lair:1 |    3706 |       0 |   0.0 |      16 |       0 |   0.0
     Lair:2 |    2907 |    3667 |  55.8 |      13 |      13 |  50.0
            +---------+---------+-------+---------+---------+-------
